BSA
JERSEY SHORE D-BAGS @ KANSAS CITY KINGS
04/24/2028
 
TOP OF THE 1ST
Jersey Shore D-Bags batting - Pitching for Kansas City Kings : RHP Carlos Pacheco
Pitching: RHP Carlos Pacheco
Batting: LHB Ed Murray 0-0: Ball
1-0: Called Strike
1-1: Ball
2-1: Ground out U3 (Groundball, 34)
Batting: RHB Ricardo González 0-0: Ball
1-0: Foul Ball, location: 2F
1-1: Ball
2-1: Foul Ball, location: 2F
2-2: Ball
3-2: Foul Ball, location: 2F
3-2: Foul Ball, location: 2F
3-2: Base on Balls
Batting: LHB Dave Dodd 0-0: Ball
1-0: Called Strike
1-1: Foul Ball, location: 2F
1-2: Strikes out swinging
Batting: LHB Pat Zimmerman 0-0: Ball
1-0: Ball
2-0: Fly out, F7 (Flyball, 7)
Top of the 1st over - 0 run(s), 0 hit(s), 0 error(s), 1 left on base; Jersey Shore 0 - Kansas City 0
BOTTOM OF THE 1ST
Kansas City Kings batting - Pitching for Jersey Shore D-Bags : RHP Stephen Puckett
Pitching: RHP Stephen Puckett
Batting: RHB Chris Chandler 0-0: Ball
1-0: Foul Ball, location: 2F
1-1: Ball
2-1: Called Strike
2-2: Foul Ball, location: 2F
2-2: Ground out 5-3 (Groundball, 5)
Batting: SHB Douglas Taylor 0-0: Called Strike
0-1: Ball
1-1: Ball
2-1: Ground out 4-3 (Groundball, 4)
Batting: RHB Toshimichi Kono 0-0: Ball
1-0: Called Strike
1-1: Fly out, F9 (Flyball, 9D)
Bottom of the 1st over - 0 run(s), 0 hit(s), 0 error(s), 0 left on base; Jersey Shore 0 - Kansas City 0
TOP OF THE 2ND
Jersey Shore D-Bags batting - Pitching for Kansas City Kings : RHP Carlos Pacheco
Batting: LHB António Cedeño 0-0: Called Strike
0-1: Swinging Strike
0-2: Strikes out swinging
Batting: RHB Luis Ríos 0-0: SINGLE (Groundball, 6MD)
Batting: RHB Eugenio Lucero 0-0: Ball
1-0: Swinging Strike
1-1: Ball
2-1: Fielders Choice at 2nd, 6-4 (Groundball, 6)
Batting: LHB Juan Hernández 0-0: Ball
1-0: Fly out, F8 (Flyball, 8RS)
Top of the 2nd over - 0 run(s), 1 hit(s), 0 error(s), 1 left on base; Jersey Shore 0 - Kansas City 0
BOTTOM OF THE 2ND
Kansas City Kings batting - Pitching for Jersey Shore D-Bags : RHP Stephen Puckett
Batting: LHB Stan Hickman 0-0: Swinging Strike
0-1: Called Strike
0-2: Foul Ball, location: 2F
0-2: Ball
1-2: Foul Ball, location: 2F
1-2: Strikes out swinging
Batting: RHB Dave Parker 0-0: Ball
1-0: Called Strike
1-1: Fly out, F7 (Flyball, 7S)
Batting: LHB Brian Boone 0-0: DOUBLE (Flyball, 89D)
Batting: LHB Luis González 0-0: Swinging Strike
0-1: Ball
1-1: Ball
2-1: Called Strike
2-2: Foul Ball, location: 2F
2-2: SINGLE (Groundball, 6D)
Brian Boone to third
Runner from 3rd tries for Home, SAFE, no throw
Batting: SHB António De La Cruz 0-0: Foul Ball, location: 2F
0-1: Ball
1-1: Swinging Strike
1-2: Foul Ball, location: 2F
1-2: Strikes out swinging
Bottom of the 2nd over - 1 run(s), 2 hit(s), 0 error(s), 1 left on base; Jersey Shore 0 - Kansas City 1
TOP OF THE 3RD
Jersey Shore D-Bags batting - Pitching for Kansas City Kings : RHP Carlos Pacheco
Batting: RHB Millard Boyd 0-0: Called Strike
0-1: Ball
1-1: Foul Ball, location: 2F
1-2: Strikes out swinging
Batting: LHB Ed Murray 0-0: Swinging Strike
0-1: Called Strike
0-2: Fly out, F8 (Line Drive, 8RS)
Batting: RHB Ricardo González 0-0: Ground out 6-3 (Groundball, 56)
Top of the 3rd over - 0 run(s), 0 hit(s), 0 error(s), 0 left on base; Jersey Shore 0 - Kansas City 1
BOTTOM OF THE 3RD
Kansas City Kings batting - Pitching for Jersey Shore D-Bags : RHP Stephen Puckett
Batting: SHB José Cruz 0-0: Foul Ball, location: 2F
0-1: Foul Ball, location: 2F
0-2: Foul Ball, location: 2F
0-2: Ball
1-2: Ball
2-2: Strikes out looking
Batting: RHB Chris Chandler 0-0: Called Strike
0-1: Ball
1-1: Swinging Strike
1-2: Foul Ball, location: 2F
1-2: Strikes out looking
Batting: SHB Douglas Taylor 0-0: Swinging Strike
0-1: Foul Ball, location: 2F
0-2: Fly out, F4 (Popup, 34)
Bottom of the 3rd over - 0 run(s), 0 hit(s), 0 error(s), 0 left on base; Jersey Shore 0 - Kansas City 1
TOP OF THE 4TH
Jersey Shore D-Bags batting - Pitching for Kansas City Kings : RHP Carlos Pacheco
Batting: LHB Dave Dodd 0-0: Called Strike
0-1: Ball
1-1: Foul Ball, location: 2F
1-2: Foul Ball, location: 2F
1-2: Ball
2-2: Ground out 4-3 (Groundball, 4)
Batting: LHB Pat Zimmerman 0-0: Ball
1-0: Ball
2-0: Ball
3-0: Called Strike
3-1: Swinging Strike
3-2: Fly out, F7 (Flyball, 78M)
Batting: LHB António Cedeño 0-0: Ball
1-0: SINGLE (Flyball, 8LS)
Batting: RHB Luis Ríos 0-0: Called Strike
0-1: Swinging Strike
0-2: Foul Ball, location: 2F
0-2: Strikes out swinging
Top of the 4th over - 0 run(s), 1 hit(s), 0 error(s), 1 left on base; Jersey Shore 0 - Kansas City 1
BOTTOM OF THE 4TH
Kansas City Kings batting - Pitching for Jersey Shore D-Bags : RHP Stephen Puckett
Batting: RHB Toshimichi Kono 0-0: SINGLE (Groundball, 6MD)
Batting: LHB Stan Hickman 0-0: Foul Ball, location: 2F
0-1: Swinging Strike
0-2: Ball
1-2: Strikes out swinging
Batting: RHB Dave Parker 0-0: Foul Ball, location: 2F
0-1: Foul Ball, location: 2F
0-2: Fly out, F8 (Flyball, 78XD)
Batting: LHB Brian Boone 0-0: Foul Ball, location: 2F
0-1: Called Strike
0-2: Foul Ball, location: 2F
0-2: Foul Ball, location: 2F
0-2: Foul Ball, location: 2F
0-2: Ball
1-2: Foul Ball, location: 2F
1-2: Strikes out swinging
Bottom of the 4th over - 0 run(s), 1 hit(s), 0 error(s), 1 left on base; Jersey Shore 0 - Kansas City 1
TOP OF THE 5TH
Jersey Shore D-Bags batting - Pitching for Kansas City Kings : RHP Carlos Pacheco
Batting: RHB Eugenio Lucero 0-0: Called Strike
0-1: Fly out, F9 (Flyball, 9LD)
Batting: LHB Juan Hernández 0-0: SINGLE (Line Drive, 6)
Batting: RHB Millard Boyd 0-0: Called Strike
0-1: Ball
1-1: Ball
2-1: Ball
3-1: Base on Balls
Juan Hernández to second
Batting: LHB Ed Murray 0-0: Swinging Strike
0-1: Ball
1-1: Called Strike
1-2: Ball
2-2: Foul Ball, location: 2F
2-2: Grounds into double play, 3-6-3 (Groundball, 34)
Top of the 5th over - 0 run(s), 1 hit(s), 0 error(s), 1 left on base; Jersey Shore 0 - Kansas City 1
BOTTOM OF THE 5TH
Kansas City Kings batting - Pitching for Jersey Shore D-Bags : RHP Stephen Puckett
Batting: LHB Luis González 0-0: Ground out 4-3 (Groundball, 4S)
Batting: SHB António De La Cruz 0-0: Ball
1-0: Called Strike
1-1: Called Strike
1-2: Fly out, F7 (Line Drive, 7)
Batting: SHB José Cruz 0-0: Called Strike
0-1: Called Strike
0-2: Ball
1-2: Ball
2-2: Ball
3-2: Fly out, F6 (Popup, 56)
Bottom of the 5th over - 0 run(s), 0 hit(s), 0 error(s), 0 left on base; Jersey Shore 0 - Kansas City 1
TOP OF THE 6TH
Jersey Shore D-Bags batting - Pitching for Kansas City Kings : RHP Carlos Pacheco
Batting: RHB Ricardo González 0-0: Ground out 5-3 (Groundball, 56)
Batting: LHB Dave Dodd 0-0: Ball
1-0: Foul Ball, location: 2F
1-1: Ball
2-1: Ball
3-1: Foul Ball, location: 2F
3-2: Foul Ball, location: 2F
3-2: Base on Balls
Batting: LHB Pat Zimmerman 0-0: Ball
1-0: Swinging Strike
1-1: Ball
2-1: Swinging Strike
2-2: Ball
3-2: Foul Ball, location: 2F
3-2: Foul Ball, location: 2F
3-2: Foul Ball, location: 2F
3-2: Foul Ball, location: 2F
3-2: Base on Balls
Dave Dodd to second
Batting: LHB António Cedeño 0-0: Ball
1-0: Ball
2-0: Foul Ball, location: 2F
2-1: Grounds into double play, 4-6-3 (Groundball, 4)
Top of the 6th over - 0 run(s), 0 hit(s), 0 error(s), 1 left on base; Jersey Shore 0 - Kansas City 1
BOTTOM OF THE 6TH
Kansas City Kings batting - Pitching for Jersey Shore D-Bags : RHP Stephen Puckett
Batting: RHB Chris Chandler 0-0: Called Strike
0-1: Ball
1-1: Ground out 5-3 (Groundball, 56S)
Batting: SHB Douglas Taylor 0-0: Called Strike
0-1: Called Strike
0-2: Ball
1-2: Foul Ball, location: 2F
1-2: Strikes out swinging
Batting: RHB Toshimichi Kono 0-0: Ball
1-0: SINGLE (Groundball, 56D)
Batting: LHB Stan Hickman 0-0: Ball
1-0: Foul Ball, location: 2F
1-1: Ball
2-1: Swinging Strike
2-2: Strikes out looking
Bottom of the 6th over - 0 run(s), 1 hit(s), 0 error(s), 1 left on base; Jersey Shore 0 - Kansas City 1
TOP OF THE 7TH
Jersey Shore D-Bags batting - Pitching for Kansas City Kings : RHP Carlos Pacheco
Batting: RHB Luis Ríos 0-0: Ball
1-0: Ball
2-0: Ball
3-0: Called Strike
3-1: Foul Ball, location: 2F
3-2: Strikes out swinging
Batting: RHB Eugenio Lucero 0-0: Foul Ball, location: 2F
0-1: Swinging Strike
0-2: Ball
1-2: Ball
2-2: Reached on error, E8 (Flyball, 8LM)
Batting: LHB Juan Hernández 0-0: Called Strike
0-1: Called Strike
0-2: Fielders Choice at 2nd, 4-6 (Groundball, 34)
Batting: RHB Millard Boyd 0-0: Ball
Juan Hernández is caught stealing 2nd base
Top of the 7th over - 0 run(s), 0 hit(s), 1 error(s), 0 left on base; Jersey Shore 0 - Kansas City 1
BOTTOM OF THE 7TH
Kansas City Kings batting - Pitching for Jersey Shore D-Bags : RHP Stephen Puckett
Batting: RHB Dave Parker 0-0: Ball
1-0: Foul Ball, location: 2F
1-1: Ball
2-1: Ground out 1-3 (Groundball, 13S)
Batting: LHB Brian Boone 0-0: Ball
1-0: Foul Ball, location: 2F
1-1: Foul Ball, location: 2F
1-2: Foul Ball, location: 2F
1-2: Strikes out swinging
Batting: LHB Luis González 0-0: Ball
1-0: Called Strike
1-1: Foul Ball, location: 2F
1-2: Ball
2-2: Foul Ball, location: 2F
2-2: Foul Ball, location: 2F
2-2: Ball
3-2: Ground out 6-3 (Groundball, 6MS)
Bottom of the 7th over - 0 run(s), 0 hit(s), 0 error(s), 0 left on base; Jersey Shore 0 - Kansas City 1
TOP OF THE 8TH
Jersey Shore D-Bags batting - Pitching for Kansas City Kings : RHP Carlos Pacheco
Batting: RHB Millard Boyd 0-0: Ball
1-0: Ball
2-0: Called Strike
2-1: Foul Ball, location: 2F
2-2: Ball
3-2: Ground out 1-3 (Groundball, 15S)
Pitching: RHP Nick Parks
Batting: LHB Ed Murray 0-0: Called Strike
0-1: Ball
1-1: Swinging Strike
1-2: Ground out 6-3 (Groundball, 6)
Batting: RHB Ricardo González 0-0: Swinging Strike
0-1: SINGLE (Line Drive, 6M)
Pitching: LHP Ignacio Colón
Batting: LHB Dave Dodd 0-0: Ball
1-0: Ball
2-0: Ball
3-0: Called Strike
3-1: Fly out, F4 (Popup, 34D)
Top of the 8th over - 0 run(s), 1 hit(s), 0 error(s), 1 left on base; Jersey Shore 0 - Kansas City 1
BOTTOM OF THE 8TH
Kansas City Kings batting - Pitching for Jersey Shore D-Bags : RHP Stephen Puckett
Pitching: RHP Paco Gutiérrez
Batting: SHB António De La Cruz 0-0: Called Strike
0-1: Ball
1-1: Ball
2-1: Foul Ball, location: 2F
2-2: Fly out, F7 (Flyball, 7S)
Batting: SHB José Cruz 0-0: Called Strike
0-1: Ball
1-1: Ball
2-1: Foul Ball, location: 2F
2-2: Ball
3-2: Strikes out looking
Batting: RHB Chris Chandler 0-0: Ball
1-0: Foul Ball, location: 2F
1-1: Fly out, F2 (Popup, 3S)
Bottom of the 8th over - 0 run(s), 0 hit(s), 0 error(s), 0 left on base; Jersey Shore 0 - Kansas City 1
TOP OF THE 9TH
Jersey Shore D-Bags batting - Pitching for Kansas City Kings : LHP Ignacio Colón
Pitching: RHP Alberto Bonilla
Batting: LHB Pat Zimmerman 0-0: Called Strike
0-1: Fly out, F6 (Popup, 6MS)
Batting: LHB António Cedeño 0-0: Ball
1-0: Foul Ball, location: 2F
1-1: Fly out, F8 (Flyball, 89D)
Pinch Hitting: LHB Albert Morgan 0-0: Ground out 4-3 (Groundball, 4)
Top of the 9th over - 0 run(s), 0 hit(s), 0 error(s), 0 left on base; Jersey Shore 0 - Kansas City 1
Tuesday, August 8th, 2017 - OOTP Baseball 17.12 Build 75